 Dungeon Crawl Stone Soup version 0.19-a0-2013-g488b080 (webtiles) character file.

1825 Faca the Cleaver (level 8, -15/73 HPs)
             Began as a Minotaur Berserker on Jan 21, 2017.
             Was a High Priest of Trog.
             Demolished by a two-headed ogre
             ... wielding a +0 giant club
              (25 damage)
             ... on level 7 of the Dungeon on Jan 24, 2017.
             The game lasted 00:13:21 (4897 turns).

Faca the Cleaver (Minotaur Berserker)               Turns: 4897, Time: 00:13:21

Health: -15/73     AC: 12    Str: 23    XL:     8   Next: 86%
Magic:  7/7        EV:  9    Int:  4    God:    Trog [*****.]
Gold:   466        SH:  0    Dex: 11    Spells: 7/7 levels left

rFire  . . .     SeeInvis .     s - +0 whip (elec)
rCold  . . .     Faith    +     g - +0 chain mail
rNeg   . . .     Spirit   .     (no shield)
rPois  .         Reflect  .     (helmet restricted)
rElec  .                        i - +0 cloak
rCorr  .                        n - +0 pair of gloves
MR     .....                    (no boots)
Stlth  ..........               e - amulet of faith
                                (no ring)
                                (no ring)

@: no status effects
A: retaliatory headbutt, horns 2
a: Berserk, Trog's Hand, Brothers in Arms, Burn Spellbooks, Renounce Religion


You were on level 7 of the Dungeon.
You worshipped Trog.
Trog was extremely pleased with you.
You were not hungry.

You visited 1 branch of the dungeon, and saw 7 of its levels.
You also visited: Sewer.

You collected 466 gold pieces.

Inventory:

Hand Weapons
 a - a +0 hand axe
 s - a +0 whip of electrocution (weapon)
 w - a +0 shortbow
Missiles
 f - 665 arrows
Armour
 g - a +0 chain mail (worn)
 i - a +0 cloak (worn)
 n - a +0 pair of gloves (worn)
Jewellery
 e - an amulet of faith (around neck)
Wands
 j - a wand of random effects (11/24)
 q - a wand of lightning (8/15)
Scrolls
 c - 3 scrolls of fog
 h - 7 scrolls of teleportation
 r - 2 scrolls of enchant weapon
 t - a scroll of recharging
Potions
 b - a potion of heal wounds
 d - 5 potions of curing
 k - 2 potions of invisibility
 l - a potion of ambrosia
 m - 2 potions of flight
 o - a potion of agility
 p - 2 potions of magic
Miscellaneous
 v - a phial of floods


   Skills:
 + Level 7.3 Fighting
 + Level 10.5 Axes
 + Level 6.1 Armour
 + Level 3.8 Dodging
 + Level 1.2 Stealth


You had 7 spell levels left.
You didn't know any spells.

Dungeon Overview and Level Annotations

Branches:
Dungeon (7/15)             Temple (0/1) D:5
   Lair: D:-1         Crypt: Vaults:-1     Tomb: Vaults:-1

Altars:
Trog

Shops:
D:7 }


Innate Abilities, Weirdness & Mutations

You reflexively headbutt those who attack you in melee.
You have a pair of horns on your head.


Message History

The two-headed ogre is heavily wounded.
You hit the two-headed ogre (4). You headbutt the two-headed ogre (11)!
The two-headed ogre is severely wounded.
The two-headed ogre hits you with a +0 giant club (26)!!
The two-headed ogre barely misses you.
You hit the two-headed ogre (5).
The two-headed ogre is severely wounded.
You hit the two-headed ogre but do no damage.
There is a sudden explosion of sparks (6)!
The two-headed ogre is almost dead.
The two-headed ogre hits you with a +0 giant club (12)!
* * * LOW HITPOINT WARNING * * *
The two-headed ogre hits you with a +0 giant club (11)!
* * * LOW HITPOINT WARNING * * *
You completely miss the two-headed ogre.
You headbutt the two-headed ogre (2).
The two-headed ogre is almost dead.
The two-headed ogre barely misses you.
The two-headed ogre hits you with a +0 giant club (25)!!
You die...

#...###.#..########.
#.... #.#...........
###. ..#..#########
.. ####.####### ...
#.......# ....
#######.# ..... #.#
......########.#
.......O@....?.#
.......#########
....... .......
....... .......
......# ......


You could see a two-headed ogre.

Vanquished Creatures
  Menkaure (D:4)
  Edmund (D:5)
  An ice beast (D:5)
  2 ogres
  2 centaurs
  A rime drake skeleton (D:4)
  Blork the orc (D:4)
  2 bullfrogs (Sewer)
  A wyvern skeleton (D:5)
  2 scorpions
  A howler monkey (D:4)
  A crimson imp (D:6)
  3 orc priests
  A gnoll shaman (D:5)
  4 orc wizards
  Terence (D:2)
  2 worker ants (D:4)
  A hound zombie (D:4)
  A hound skeleton (D:4)
  6 gnolls
  13 adders
  A shadow imp (D:5)
  5 oozes (Sewer)
  An adder zombie (D:5)
  A dart slug (D:2)
  12 leopard geckos
  11 orcs
  11 ball pythons
  9 bats
  17 giant cockroaches
  4 goblins (D:3)
  8 hobgoblins
  4 jackals (D:2)
  A quokka (D:3)
  A ball python zombie (D:5)
  16 frilled lizards
  6 kobolds
  9 rats
165 creatures vanquished.

Notes
Turn   | Place    | Note
-------+----------+-------------------------------------------
     0 | D:1      | Faca the Minotaur Berserker began the quest for the Orb.
     0 | D:1      | Reached XP level 1. HP: 19/19 MP: 0/0
   223 | D:1      | Reached XP level 2. HP: 26/27 MP: 1/1
   318 | D:1      | Reached skill level 4 in Axes
   476 | D:2      | Reached XP level 3. HP: 33/33 MP: 2/2
   587 | D:2      | Reached ** piety under Trog
  1166 | D:2      | Noticed Terence
  1181 | D:2      | Killed Terence
  1181 | D:2      | Reached XP level 4. HP: 40/41 MP: 3/3
  1182 | D:2      | Reached skill level 5 in Axes
  1327 | D:3      | Reached XP level 5. HP: 20/47 MP: 4/4
  1651 | D:3      | Reached *** piety under Trog
  1693 | D:3      | Reached skill level 5 in Fighting
  1693 | D:3      | Reached skill level 6 in Axes
  1693 | D:3      | Reached XP level 6. HP: 56/56 MP: 5/5
  1727 | D:3      | Found a bloodstained altar of Trog.
  2153 | D:4      | Noticed Blork the orc
  2170 | D:4      | Killed Blork the orc
  2223 | D:4      | Reached skill level 7 in Axes
  2229 | D:4      | Noticed Menkaure
  2240 | D:4      | Killed Menkaure
  2240 | D:4      | Reached XP level 7. HP: 34/61 MP: 6/6
  2418 | D:4      | Reached **** piety under Trog
  2418 | D:4      | Reached skill level 8 in Axes
  2778 | D:5      | Entered Level 5 of the Dungeon
  3102 | D:5      | Reached skill level 9 in Axes
  3150 | D:5      | Reached XP level 8. HP: 49/71 MP: 7/7
  3406 | D:5      | Reached skill level 1 in Stealth
  3410 | D:5      | Reached skill level 5 in Armour
  3576 | D:5      | Found a staircase to the Ecumenical Temple.
  3679 | D:5      | Noticed Edmund
  3698 | D:5      | Killed Edmund
  4112 | D:6      | Found a glowing drain.
  4116 | Sewer    | Entered a sewer
  4155 | Sewer    | Reached skill level 10 in Axes
  4253 | Sewer    | Reached ***** piety under Trog
  4838 | D:7      | Found Gabac's Gadget Shop.
  4886 | D:7      | Noticed a two-headed ogre
  4897 | D:7      | Demolished by a two-headed ogre

Vault maps used:
D:1:      lightli_arrival_statuegarden
D:2:      minmay_misc_feat_tower, minmay_pentomino_r2, uniq_terence
D:3:      trog_book
D:4:      first_bread, st_stairs_13, minmay_box_of_dots, uniq_menkaure,
          uniq_blork_the_orc
D:5:      uniq_edmund
D:6:      gup_sewer_entry_spiral, amethyst_killhole
D:7:      serial_shops, shop, basic_altar, kennysheep_pointless_box,
          minmay_checkerbox, uniq_crazy_yiuf_cottage, uniq_prince_ribbit1,
          uniq_joseph
Sewer:    sewer_frog_island_02

Skill      XL: |  1  2  3  4  5  6  7  8 |
---------------+-------------------------+-----
Axes           | 4 5 6 7 9 10 | 10.5
Fighting       | 4 5 6 7 |  7.3
Armour         | 3 4 6 |  6.1
Dodging        | 3 |  3.8
Stealth        | 1 |  1.2

Action                   |  1- 3 |  4- 6 |  7- 9 || total
-------------------------+-------+-------+-------++-------
Melee: Hand axe          |    95 |   137 |   253 ||   485
       Headbutt          |    17 |    18 |    51 ||    86
       Whip              |       |       |     6 ||     6
 Fire: Shortbow          |       |       |     2 ||     2
Invok: Burn Spellbooks   |       |     1 |     4 ||     5
Armor: Animal skin       |     4 |       |       ||     4
       Leather armour    |     1 |       |       ||     1
       Ring mail         |    17 |       |       ||    17
       Chain mail        |    28 |    79 |   112 ||   219
Dodge: Dodged            |    41 |    62 |   122 ||   225
